 Dungeon Crawl Stone Soup version 0.29.1-15-g9cfb28693d (webtiles) character file.

Game seed: 9767015049749415086

93 ChiefBigBeans the Trooper (level 4, -5/37 HPs)
             Began as a Demonspawn Abyssal Knight on Feb 28, 2023.
             Was a Priest of Lugonu.
             Slain by a gnoll
             ... wielding a +0 club
              (6 damage)
             ... on level 3 of the Dungeon on Apr 12, 2023.
             The game lasted 00:07:06 (3241 turns).

ChiefBigBeans the Trooper (DsAK)                    Turns: 3241, Time: 00:07:07

Health: -5/37      AC:  3    Str: 15    XL:     4   Next: 36%
Magic:  6/6        EV: 11    Int: 11    God:    Lugonu [***...]
Gold:   259        SH:  0    Dex: 14    Spells: 3/3 levels left

rFire   . . .      SeeInvis .   a - +1 mace
rCold   . . .      Faith    +   (no shield)
rNeg    . . .      Spirit   .   b - +0 leather armour
rPois   .          Reflect  .   (no helmet)
rElec   .          Harm     .   (no cloak)
rCorr   .          Rampage  .   (no gloves)
Will    .....                   (no boots)
Stlth   +.........              c - amulet of faith
HPRegen 0.12/turn               (no ring)
MPRegen 0.20/turn               (no ring)

@: no status effects
A: powered by pain 2, magic regeneration, high MP 1
a: Renounce Religion, Depart the Abyss, Bend Space, Banish


You were on level 3 of the Dungeon.
You worshipped Lugonu.
Lugonu was most pleased with you.
You visited 1 branch of the dungeon, and saw 3 of its levels.
You visited the Abyss 1 time.

You collected 259 gold pieces.

Inventory:

Hand Weapons
 a - a +1 mace (weapon)
Armour
 b - a +0 leather armour (worn)
 m - a +0 barding
Jewellery
 c - an amulet of faith (around neck)
 e - a ring of wizardry
Scrolls
 d - 4 scrolls of identify
 i - a scroll of fear
Potions
 f - a potion of haste
 g - a potion of brilliance {unknown}
 l - a potion of degeneration {unknown}


   Skills:
 + Level 3.8 Fighting
 + Level 2.7 Maces & Flails
 + Level 2.8 Armour
 - Level 1.0 Dodging
 - Level 2.5 Invocations


You had 3 spell levels left.
You didn't know any spells.
Your spell library contained the following spells:

 Spells                   Type           Power      Damage    Failure   Level
 Conjure Flame            Conj/Fire      0%         6-21      78%         3
 Ignite Poison            Fire/Tmut/Pois 0%         N/A       78%         3
 Sticky Flame             Conj/Fire      0%         2d3       99%         4


Dungeon Overview and Level Annotations

Branches:
Dungeon (3/15)

Altars:
Gozag
Okawaru

Shops:
D:1 *


Innate Abilities, Weirdness & Mutations

You sometimes gain power by taking damage.
You regenerate magic rapidly.
You have an increased reservoir of magic. (+10% MP)


Message History

You are too injured to fight recklessly!
You are too injured to fight recklessly!
You completely miss the gnoll.
The gnoll is severely wounded.
The gnoll barely misses you.
You sock the gnoll!
You kill the gnoll!
Lugonu accepts your kill.
You hit the gnoll.
The gnoll is moderately wounded.
The gnoll misses you. The endoplasm freezes you.
You are frozen.
* * * LOW HITPOINT WARNING * * *
You hit the gnoll.
The gnoll is heavily wounded.
The gnoll completely misses you. The endoplasm barely misses you.
The gnoll hits you with a +0 club!
* * * LOW HITPOINT WARNING * * *
The endoplasm misses you.
You barely miss the gnoll.
The gnoll is moderately wounded.
The gnoll hits you with a +0 club.
* * * LOW HITPOINT WARNING * * *
The endoplasm hits you but does no damage.
You completely miss the gnoll.
The gnoll is moderately wounded.
The gnoll barely misses you. The endoplasm closely misses you.
You hit the gnoll but do no damage.
The gnoll is moderately wounded.
The gnoll hits you but does no damage. The endoplasm barely misses you.
The endoplasm closely misses you. The gnoll hits you with a +0 club.
* * * LOW HITPOINT WARNING * * *
You closely miss the gnoll.
The gnoll is moderately wounded.
The gnoll barely misses you. The endoplasm closely misses you.
You hit the gnoll.
The gnoll is severely wounded.
The gnoll hits you with a +0 club.
You die...

#.. #.# ... ### #.# #
..# ##### ._.J# ..#
#...###.#.# ..#
#...#$....#
..#######...###J#####.##
................@.......
..#######.......g####.##
).# #########.... ###
..g.. ...gg ..... ###
..... ..# ###### ..##
.... .


You could see a gnoll and an endoplasm.

Vanquished Creatures
  2 gnolls (D:3)
  3 adders
  A worm (D:2)
  2 dart slugs
  7 bats
  2 endoplasms
  3 giant cockroaches
  A hobgoblin (D:3)
  6 kobolds
  2 quokkas (D:1)
  3 ball pythons
  3 frilled lizards (D:1)
  3 goblins (D:1)
  4 rats
42 creatures vanquished.

Vanquished Creatures (others)
  3 demonic plants (D:3)
  5 toadstools (D:3)
8 creatures vanquished.

Grand Total: 50 creatures vanquished

Notes
Turn   | Place    | Note
-------+----------+-------------------------------------------
     0 | Abyss:1  | ChiefBigBeans the Demonspawn Abyssal Knight began the quest
                  | for the Orb.
     0 | Abyss:1  | Reached XP level 1. HP: 18/18 MP: 2/2
     1 | D:1      | Escaped the Abyss
    37 | D:1      | Reached skill level 1 in Dodging
   251 | D:1      | Gained mutation: You sometimes gain a little power by
                  | taking damage. [demonic ancestry]
   251 | D:1      | Reached XP level 2. HP: 14/24 MP: 3/3
   642 | D:1      | Found Esez's Assorted Antiques.
  1310 | D:1      | Gained mutation: You regenerate magic rapidly. [demonic
                  | ancestry]
  1310 | D:1      | Reached XP level 3. HP: 29/29 MP: 4/4
  1357 | D:2      | Gained mutation: You have an increased reservoir of magic.
                  | (+10% MP) [potion of mutation]
  1751 | D:2      | HP: 1/29 [poisoned by an adder]
  2799 | D:3      | Found an iron altar of Okawaru.
  2816 | D:3      | Reached *** piety under Lugonu
  2864 | D:3      | Gained mutation: You sometimes gain power by taking damage.
                  | [demonic ancestry]
  2864 | D:3      | Reached XP level 4. HP: 19/37 MP: 6/6
  3108 | D:3      | Found a faded altar of an unknown god.
  3217 | D:3      | Found an opulent altar of Gozag.
  3239 | D:3      | HP: 1/37 [gnoll/+0 club (3)]
  3241 | D:3      | Slain by a gnoll

Illustrated notes

Levels and vault maps discovered:
D:1:      sevenhm_arrival_forest_fort_small_5, layout_loops_ring, serial_shops,
          nicolae_shop_advertising_works [nicolae_subvault_shop_adworks]
D:2:      layout_basic
D:3:      layout_basic, okawaru_ov_weapons_minmay,
          nicolae_gozag_cash_rules_everything_around_me,
          shapermc_ecumenical_altar_gd, biasface_ghost_orc_armoury,
          minmay_gold_behind_fungi

Skill      XL: |  1 |
---------------+----+-----
Dodging        | 1 |  1.0
Armour         | 2 |  2.8
Maces & Flails | 2 |  2.7
Fighting       | |  3.8
Invocations    | |  2.5

Action                   |  1- 3 |  4- 6 || total
-------------------------+-------+-------++-------
Melee: Mace              |   119 |    27 ||   146
  Use: Potion            |     5 |       ||     5
       Scroll            |     2 |     4 ||     6
 Stab: Sleeping          |     3 |       ||     3
Armor: Leather armour    |    44 |     5 ||    49
Dodge: Dodged            |    82 |    20 ||   102
